 Dungeon Crawl Stone Soup version 0.18-b1-10-g3f7de93 (webtiles) character file.

56 Sand the Cudgeler (level 3, -5/36 HPs)
             Began as an Ogre Assassin on Apr 29, 2016.
             Slain by Natasha (8 damage)
             ... on level 2 of the Dungeon.
             The game lasted 00:09:05 (1620 turns).

Sand the Cudgeler (Ogre Assassin)                   Turns: 1620, Time: 00:09:05

Health: -5/36      AC:  4    Str: 16    XL:     3   Next: 97%
Magic:  3/3        EV:  9    Int: 10    God:
Gold:   80         SH:  0    Dex: 12    Spells: 0 memorised, 2 levels left

rFire  . . .     SeeInvis .     a - +0 mace
rCold  . . .     Gourm    .     c - +0 robe
rNeg   . . .     Faith    .     (no shield)
rPois  .         Spirit   .     (helmet restricted)
rElec  .         Dismiss  .     d - +0 cloak
rCorr  .         Reflect  .     (gloves unavailable)
SustAt .         Harm     .     (boots unavailable)
MR     .....                    (no amulet)
Stlth  ++........               (no ring)
                                (no ring)

@: not resistant to hostile enchantments, unstealthy
A: unfitting armour, tough skin 1
a: no special abilities


You were on level 2 of the Dungeon.
You were not hungry.

You visited 1 branch of the dungeon, and saw 2 of its levels.

You collected 80 gold pieces.

Inventory:

Hand Weapons
 a - a +0 mace (weapon)
 b - a +0 blowgun
 i - a +2 dagger
Missiles
 e - 26 poisoned needles
 f - a large rock
 h - 132 stones (quivered)
 q - 2 curare-tipped needles
Armour
 c - a +0 robe (worn)
 d - a +0 cloak (worn)
Magical Staves
 x - an uncursed staff of power {unknown}
Jewellery
 l - a cursed -2 ring of protection {unknown}
 v - an uncursed ring of magical power {unknown}
 y - an uncursed ring of magical power {unknown}
Scrolls
 m - a scroll of immolation {unknown}
 s - a scroll of amnesia {unknown}
 t - a scroll of random uselessness {unknown}
 w - a scroll of enchant weapon {unknown}
Potions
 j - a potion of cure mutation {unknown}
 k - a potion of resistance
 p - a potion of agility {unknown}
 r - a potion of flight {unknown}
 z - a potion of haste {unknown}
Comestibles
 g - 2 bread rations
 n - 4 fruits
 o - a beef jerky
 u - 2 chunks of flesh


   Skills:
 - Level 2.6 Fighting
 - Level 1.2 Short Blades
 * Level 3.3 Maces & Flails
 + Level 3.0 Throwing
 - Level 0.8 Dodging
 - Level 3.2 Stealth


You had 2 spell levels left.
You didn't know any spells.

Dungeon Overview and Level Annotations

Branches:
Dungeon (2/15)

Altars:
Gozag

Shops:
D:2 *

Annotations:
D:2 Natasha


Innate Abilities, Weirdness & Mutations

You are too large for most types of armour.
You have tough skin (AC +1).


Message History

The magic dart hits you!
* * * LOW HITPOINT WARNING * * *
Fire/throw which item? (* to show all) (? for menu, Esc to quit)
Press: ? - help, Shift-Dir - straight line, f/p - Natasha
Aim: Natasha You throw a large rock.
The large rock closely misses Natasha.
The large rock hits the rat!
You kill the rat!
Natasha claws you.
* * * LOW HITPOINT WARNING * * *
Natasha completely misses you.
Fire/throw which item? (* to show all) (? for menu, Esc to quit)
Press: ? - help, Shift-Dir - straight line, f/p - Natasha
Aim: Natasha You throw a large rock.
The large rock closely misses Natasha.
The large rock closely misses the crimson imp.
Natasha howls an incantation.
Natasha glows brightly for a moment.
Natasha claws you!
You die...

#(#.....####.#
#(#.(......[>.
#5(........#.#
####.#####.#
#.# # #5# #.#
#h# #@# # #.#
#. #.#
#.######## #.#
..#.≈≈≈≈≈≈≈#
#.#
#..#.≈.....≈#
#.#
#..#.≈.⌠.⌠.≈.
#.#
#..#.≈..∩..≈.
#.#
#..#.≈.⌠.⌠.≈.
#.#
#..##≈.....≈#


You could see Natasha and a crimson imp.

Vanquished Creatures
  4 worms (D:2)
  A dart slug (D:2)
  3 giant geckos
  A ball python (D:2)
  3 giant cockroaches (D:1)
  4 goblins
  5 hobgoblins
  6 bats
  5 kobolds
  9 rats
41 creatures vanquished.

Notes
Turn   | Place    | Note
--------------------------------------------------------------
     0 | D:1      | Sand the Ogre Assassin began the quest for the Orb.
     0 | D:1      | Reached XP level 1. HP: 22/22 MP: 1/1
    94 | D:1      | Reached skill level 1 in Maces & Flails
    98 | D:1      | Reached XP level 2. HP: 26/29 MP: 2/2
   533 | D:1      | Reached XP level 3. HP: 36/36 MP: 3/3
  1536 | D:2      | Found an opulent altar of Gozag.
  1543 | D:2      | Found Gozag's Platinum Reserve.
  1602 | D:2      | Noticed Natasha
  1620 | D:2      | Slain by Natasha

Skill      XL: |  1  2  3 |
---------------+----------+-----
Maces & Flails | 1 2 3 |  3.3
Throwing       | 3 |  3.0
Fighting       | |  2.6
Short Blades   | |  1.2
Dodging        | |  0.8
Stealth        | |  3.2

Action                   || total
-------------------------++-------
Melee: Mace              ||    83
 Fire: Blowgun           ||     2
Throw: Stone             ||   132
       Large rock        ||     7
  Eat: Chunk             ||     2
Armor: Robe              ||    48
Dodge: Dodged            ||    49
